Ducks vs Canucks

Created - November 5, 2016 at 16:45

Goals
1 2 3 T
Ducks 2 2 2 6
Canucks 0 0 0 0
Shots
1 2 3 T
Ducks 11 6 12 29
Canucks 10 10 9 29

1st period

1. Ducks , Claude Giroux 7 (Wayne Simmonds, Erik Johnson) at 11:17
2. Ducks , Boone Jenner 1 (Bobby Ryan, Aaron Ekblad) at 17:29 (PP)

Penalties :
Chris Kreider (VAN) for Hooking (Minor) at 2:34, Evander Kane (VAN) for Hooking (Minor) at 10:35, Boone Jenner (ANA) for High sticking (Double Minor) at 10:57, Alex Pietrangelo (VAN) for Roughing (Minor) at 16:02, Evander Kane (VAN) for Charging (Minor) at 18:20

2nd period

3. Ducks , Mark Scheifele 7 (Erik Johnson) at 1:50 (PP)
4. Ducks , Jordan Staal 4 (Erik Johnson, Mike Richards) at 16:48

Penalties :
Matt Beleskey (VAN) for High sticking (Minor) at 0:54, Bobby Ryan (ANA) for Interference (Minor) at 8:58, Evander Kane (VAN) for Hooking (Minor) at 12:22, Wayne Simmonds (ANA) for Hooking (Minor) at 14:46

3rd period

5. Ducks , Erik Johnson 1 (Wayne Simmonds, Claude Giroux) at 12:10
6. Ducks , Wayne Simmonds 10 (Phil Kessel, Travis Hamonic) at 17:51

Penalties :
Mike Richards (ANA) for Hooking (Minor) at 3:54

Goalie Stats

Semyon Varlamov (ANA), 29 saves from 29 shots - (1.000), W, 7-4-1, 60:00 minutes
Yann Danis (VAN), 14 saves from 17 shots - (0.824), 38:10 minutes
Henrik Lundqvist (VAN), 9 saves from 12 shots - (0.750), L, 5-5-3, 21:50 minutes

Players Stats for Ducks

Player Name              G  A  P  +/- PIM S  H  SB GA TA FO     MP     PP MP  PK MP  
------------------------------------------------------------------------------------
Aaron Ekblad             0  1  1   2  0   1  2  0  0  0  0/0    20:38   4:22   0:00 
Andrei Markov            0  0  0   2  0   1  0  0  0  0  0/0    25:14   4:20   4:06 
Bobby Ryan               0  1  1   0  2   3  2  0  0  0  0/0    16:40   3:45   0:00 
Boone Jenner             1  0  1   0  4   5  5  0  0  0  0/0    16:12   3:44   0:32 
Brandon Dubinsky         0  0  0   0  0   1  1  0  0  0  0/0    15:28   0:00   3:28 
Claude Giroux            1  1  2   4  0   4  0  0  0  0  16/26  19:18   4:57   1:35 
Colton Parayko           0  0  0   0  0   1  0  0  0  0  0/0    14:17   4:22   0:00 
Eric Nystrom             0  0  0   0  0   0  3  0  0  0  1/1    11:56   0:00   0:00 
Erik Johnson             1  3  4   2  0   1  2  1  0  0  0/0    25:14   4:20   4:06 
Jordan Staal             1  0  1   0  0   3  0  0  0  0  9/22   17:07   0:00   5:11 
Kevin Porter             0  0  0   0  0   0  0  0  0  0  4/6     5:21   0:00   0:00 
Mark Scheifele           1  0  1   0  0   1  1  0  0  0  5/19   18:41   3:45   2:00 
Mike Richards            0  1  1   0  2   0  0  0  0  0  1/2     9:12   0:00   3:52 
Mikhail Grigorenko       0  0  0   0  0   1  0  0  0  0  0/0     5:21   0:00   0:00 
Phil Kessel              0  1  1   3  0   1  0  0  0  0  0/0    17:02   4:57   0:00 
Roman Polak              0  0  0   0  0   1  2  0  0  0  0/0    14:08   0:00   4:13 
Travis Hamonic           0  1  1   2  0   1  8  3  0  0  0/0    20:29   0:00   4:13 
Wayne Simmonds           1  2  3   4  2   4  3  0  0  0  0/2    17:42   4:57   0:00 

Players Stats for Canucks

Player Name              G  A  P  +/- PIM S  H  SB GA TA FO     MP     PP MP  PK MP  
------------------------------------------------------------------------------------
Adam Henrique            0  0  0  -2  0   2  3  2  0  0  7/12   20:11   4:16   6:00 
Alex Pietrangelo         0  0  0  -1  2   3  0  4  0  0  0/0    23:48   4:20   4:32 
Brent Burns              0  0  0  -2  0   3  3  2  0  0  0/0    24:09   3:59   3:41 
Chris Kreider            0  0  0  -1  2   0  0  0  0  0  0/0     6:01   0:22   0:42 
Cody Ceci                0  0  0  -1  0   1  0  1  0  0  0/0    19:29   3:59   3:19 
Elias Lindholm           0  0  0  -2  0   2  0  0  0  0  4/8     6:48   0:00   0:39 
Erik Karlsson            0  0  0  -1  0   0  1  1  0  0  0/0    15:30   0:00   0:00 
Evander Kane             0  0  0   0  6   4  4  0  0  0  1/2    18:09   4:03   1:26 
Evgeny Kuznetsov         0  0  0  -1  0   2  0  0  0  0  19/27  21:15   4:03   3:18 
Jimmy Hayes              0  0  0  -1  0   0  0  0  0  0  0/0     4:58   0:00   0:00 
Jonas Brodin             0  0  0  -2  0   1  1  1  0  0  0/0    20:51   0:00   5:33 
Logan Couture            0  0  0   0  0   1  0  0  0  0  8/13   17:40   3:54   0:00 
Matt Beleskey            0  0  0   0  2   2  2  0  0  0  0/1    14:11   0:00   0:00 
Mikkel Boedker           0  0  0   0  0   2  0  0  0  0  0/1    17:49   4:03   0:00 
Reilly Smith             0  0  0   0  0   4  1  1  0  0  0/2    22:01   4:16   5:02 
Robby Fabbri             0  0  0  -2  0   0  1  0  0  0  2/10   10:21   0:00   0:00 
Ryan Strome              0  0  0  -2  0   2  3  0  0  0  1/2     9:55   0:00   0:00 
Simon Despres            0  0  0  -1  0   0  2  2  0  0  0/0    16:29   4:20   0:36 

3 Stars

1 - Semyon Varlamov (ANA)
2 - Erik Johnson (ANA)
3 - Wayne Simmonds (ANA)

Power Play

Ducks - 2 on 6 Attempt(s) - 33.33%
Canucks - 0 on 5 Attempt(s) - 0.00%

Penalty Kill

Ducks - 5 on 5 Attempt(s) - 100.00% - Score 0 goal in Penalty Kill
Canucks - 4 on 6 Attempt(s) - 66.67% - Score 0 goal in Penalty Kill

Team Stat

Ducks - Hits : 29 - Faceoff Wins : 36 - Blocked Shots : 4 - Penalty Minutes : 10
Canucks - Hits : 21 - Faceoff Wins : 42 - Blocked Shots : 14 - Penalty Minutes : 12

Official

Referees : Marc Joannette and Jean Hebert
Linesman : Darren Gibbs and Ryan Gibbons

Game Notes

Yann Danis enters game at 1:50 of 2nd period

Finance

Level 1 -- Attendance: 6500 (100.00%) -- Ticket Income $585,000
Level 2 -- Attendance: 4707 (94.14%) -- Ticket Income $329,490
Level 3 -- Attendance: 3406 (97.31%) -- Ticket Income $160,082
Level 4 -- Attendance: 2910 (100.00%) -- Ticket Income $72,750
Luxury Box -- Attendance: 742 (74.20%) -- Ticket Income $185,500
Game was played at the Rogers Arena.
Total Attendance: 18265 (96.59%)
Total Ticket Income: $1,332,822
Other Income: $199,923
Total Income: $1,532,745

% Time on Ice - Ducks

Lines # - Real PCT - Wanted PCT - Time Play
Normal Forward
1 - 29% - 29% - 12:05
2 - 29% - 29% - 12:00
3 - 29% - 29% - 11:56
4 - 13% - 13% - 5:21
Normal Defense
1 - 39% - 39% - 16:07
2 - 37% - 37% - 15:20
3 - 24% - 24% - 9:55
4 - 0% - 0% - 0:00
PP Forward
1 - 57% - 57% - 4:57
2 - 43% - 43% - 3:45
PP Defense
1 - 50% - 57% - 4:22
2 - 50% - 43% - 4:20
PK Forward
1 - 76% - 57% - 6:19
2 - 24% - 43% - 2:00
PK Defense
1 - 51% - 57% - 4:13
2 - 49% - 43% - 4:06
PK3 Forward
1 - 0% - 60%
2 - 0% - 40%
PK3 Defense
1 - 0% - 57%
2 - 0% - 43%
44 Forward
1 - 42% - 50% - 0:41
2 - 58% - 50% - 0:56
44 Defense
1 - 42% - 50% - 0:41
2 - 58% - 50% - 0:56
Last Minute Offensive  - 0:00
Last Minute Defensive  - 0:00
Total
Forward - 60:00
Defense - 60:00

% Time on Ice - Canucks

Lines # - Real PCT - Wanted PCT - Time Play
Normal Forward
1 - 31% - 33% - 12:43
2 - 33% - 31% - 13:46
3 - 24% - 24% - 9:55
4 - 12% - 12% - 4:58
Normal Defense
1 - 37% - 34% - 15:30
2 - 35% - 33% - 14:19
3 - 28% - 28% - 11:33
4 - 0% - 5% - 0:00
PP Forward
1 - 49% - 57% - 4:03
2 - 51% - 43% - 4:16
PP Defense
1 - 48% - 53% - 3:59
2 - 52% - 47% - 4:20
PK Forward
1 - 58% - 55% - 5:02
2 - 42% - 45% - 3:40
PK Defense
1 - 62% - 50% - 5:23
2 - 38% - 50% - 3:19
PK3 Forward
1 - 0% - 52%
2 - 0% - 48%
PK3 Defense
1 - 0% - 51%
2 - 0% - 49%
44 Forward
1 - 73% - 55% - 1:11
2 - 27% - 45% - 0:26
44 Defense
1 - 39% - 52% - 0:38
2 - 61% - 48% - 0:59
Last Minute Offensive  - 0:00
Last Minute Defensive  - 0:00
Total
Forward - 60:00
Defense - 60:00

Play by Play

1st period


0:01 of 1st period - Claude Giroux wins face-off versus Evander Kane in neutral zone.
0:01 of 1st period - Claude Giroux is hit by Evander Kane.
0:21 of 1st period - Erik Johnson is hit by Evander Kane.
0:28 of 1st period - Icing by Andrei Markov.
0:29 of 1st period - Claude Giroux wins face-off versus Logan Couture in Ducks zone.
0:31 of 1st period - Icing by Wayne Simmonds.
0:32 of 1st period - Adam Henrique wins face-off versus Wayne Simmonds in Ducks zone.
0:53 of 1st period - Shot by Adam Henrique.
0:53 of 1st period - Shot Misses the Net.
2:02 of 1st period - Logan Couture is hit by Travis Hamonic and loses puck.
2:34 of 1st period - Minor Penalty to Chris Kreider for Hooking.
2:35 of 1st period - Claude Giroux wins face-off versus Adam Henrique in Canucks zone.
2:40 of 1st period - Shot by Wayne Simmonds.
2:40 of 1st period - Shot Blocked by Reilly Smith.
3:06 of 1st period - Shot by Erik Johnson.
3:06 of 1st period - Shot Blocked by Alex Pietrangelo.
3:50 of 1st period - Shot by Adam Henrique.
3:50 of 1st period - Deflect By Reilly Smith.
3:50 of 1st period - Stopped by Semyon Varlamov without a rebound.
3:51 of 1st period - Claude Giroux wins face-off versus Adam Henrique in Ducks zone.
3:56 of 1st period - Cody Ceci is hit by Wayne Simmonds and loses puck.
4:03 of 1st period - Shot by Wayne Simmonds.
4:03 of 1st period - Deflect By Claude Giroux.
4:03 of 1st period - Stopped by Henrik Lundqvist without a rebound.
4:04 of 1st period - Adam Henrique wins face-off versus Mark Scheifele in Canucks zone.
4:22 of 1st period - Mark Scheifele is hit by Brent Burns and loses puck.
5:09 of 1st period - Shot by Mike Richards.
5:09 of 1st period - Deflect By Mikhail Grigorenko.
5:09 of 1st period - Stopped by Henrik Lundqvist with a rebound.
5:33 of 1st period - Shot by Phil Kessel.
5:33 of 1st period - Stopped by Henrik Lundqvist without a rebound.
5:34 of 1st period - Evgeny Kuznetsov wins face-off versus Jordan Staal in Canucks zone.
5:34 of 1st period - Evgeny Kuznetsov is hit by Boone Jenner.
6:31 of 1st period - Shot by Claude Giroux.
6:31 of 1st period - Shot Blocked by Alex Pietrangelo.
7:31 of 1st period - Icing by Ryan Strome.
7:32 of 1st period - Kevin Porter wins face-off versus Robby Fabbri in Canucks zone.
7:46 of 1st period - Shot by Kevin Porter.
7:46 of 1st period - Deflect By Mike Richards.
7:46 of 1st period - Shot Misses the Net.
8:13 of 1st period - Icing by Ryan Strome.
8:14 of 1st period - Adam Henrique wins face-off versus Jordan Staal in Canucks zone.
8:14 of 1st period - Ryan Strome is hit by Boone Jenner and loses puck.
9:05 of 1st period - Icing by Simon Despres.
9:06 of 1st period - Robby Fabbri wins face-off versus Mark Scheifele in Canucks zone.
9:06 of 1st period - Robby Fabbri is hit by Brandon Dubinsky.
9:26 of 1st period - Shot by Mark Scheifele.
9:26 of 1st period - Deflect By Brandon Dubinsky.
9:26 of 1st period - Stopped by Henrik Lundqvist with a rebound.
9:28 of 1st period - Shot by Brandon Dubinsky.
9:28 of 1st period - Shot Blocked by Cody Ceci.
9:30 of 1st period - Shot by Roman Polak.
9:30 of 1st period - Stopped by Henrik Lundqvist without a rebound.
9:31 of 1st period - Evander Kane wins face-off versus Claude Giroux in Canucks zone.
9:31 of 1st period - Evander Kane is hit by Wayne Simmonds.
9:39 of 1st period - Shot by Evander Kane.
9:39 of 1st period - Stopped by Semyon Varlamov with a rebound.
9:41 of 1st period - Shot by Reilly Smith.
9:41 of 1st period - Shot Misses the Net.
9:46 of 1st period - Icing by Claude Giroux.
9:47 of 1st period - Logan Couture wins face-off versus Claude Giroux in Ducks zone.
9:47 of 1st period - Mikkel Boedker is hit by Erik Johnson and loses puck.
10:23 of 1st period - Shot by Claude Giroux.
10:23 of 1st period - Stopped by Henrik Lundqvist without a rebound.
10:24 of 1st period - Evgeny Kuznetsov wins face-off versus Jordan Staal in Canucks zone.
10:35 of 1st period - Minor Penalty to Evander Kane for Hooking.
10:36 of 1st period - Evgeny Kuznetsov wins face-off versus Mark Scheifele in Canucks zone.
10:36 of 1st period - Evgeny Kuznetsov is hit by Boone Jenner.
10:56 of 1st period - Brent Burns is hit by Boone Jenner.
10:57 of 1st period - Double Minor Penalty to Boone Jenner for High sticking.
10:58 of 1st period - Evgeny Kuznetsov wins face-off versus Claude Giroux in Ducks zone.
11:01 of 1st period - Shot by Evgeny Kuznetsov.
11:01 of 1st period - Shot Misses the Net.
11:17 of 1st period - Shot by Claude Giroux.
11:17 of 1st period - Goal by Claude Giroux - Ducks : 1 - Canucks : 0.
11:18 of 1st period - Evgeny Kuznetsov wins face-off versus Mark Scheifele in neutral zone.
11:20 of 1st period - Alex Pietrangelo is hit by Bobby Ryan and loses puck.
11:40 of 1st period - Evgeny Kuznetsov is hit by Travis Hamonic and loses puck.
12:02 of 1st period - Robby Fabbri is hit by Mark Scheifele and loses puck.
12:13 of 1st period - Shot by Matt Beleskey.
12:13 of 1st period - Stopped by Semyon Varlamov without a rebound.
12:14 of 1st period - Robby Fabbri wins face-off versus Claude Giroux in Ducks zone.
12:21 of 1st period - Shot by Matt Beleskey.
12:21 of 1st period - Stopped by Semyon Varlamov without a rebound.
12:22 of 1st period - Claude Giroux wins face-off versus Evgeny Kuznetsov in Ducks zone.
12:41 of 1st period - Shot by Claude Giroux.
12:41 of 1st period - Shot Blocked by Alex Pietrangelo.
13:06 of 1st period - Shot by Adam Henrique.
13:06 of 1st period - Shot Misses the Net.
13:08 of 1st period - Shot by Alex Pietrangelo.
13:08 of 1st period - Stopped by Semyon Varlamov without a rebound.
13:09 of 1st period - Evgeny Kuznetsov wins face-off versus Mark Scheifele in Ducks zone.
13:34 of 1st period - Shot by Mikkel Boedker.
13:34 of 1st period - Deflect By Evander Kane.
13:34 of 1st period - Shot Misses the Net.
13:42 of 1st period - Shot by Evander Kane.
13:42 of 1st period - Deflect By Mikkel Boedker.
13:42 of 1st period - Stopped by Semyon Varlamov with a rebound.
13:44 of 1st period - Shot by Cody Ceci.
13:44 of 1st period - Shot Misses the Net.
13:46 of 1st period - Shot by Evander Kane.
13:46 of 1st period - Shot Misses the Net.
15:07 of 1st period - Shot by Elias Lindholm.
15:07 of 1st period - Stopped by Semyon Varlamov with a rebound.
15:09 of 1st period - Shot by Alex Pietrangelo.
15:09 of 1st period - Stopped by Semyon Varlamov without a rebound.
15:10 of 1st period - Eric Nystrom wins face-off versus Elias Lindholm in Ducks zone.
15:17 of 1st period - Icing by Elias Lindholm.
15:18 of 1st period - Elias Lindholm wins face-off versus Jordan Staal in Canucks zone.
15:37 of 1st period - Off-side.
15:38 of 1st period - Ryan Strome wins face-off versus Claude Giroux in neutral zone.
15:43 of 1st period - Shot by Robby Fabbri.
15:43 of 1st period - Deflect By Ryan Strome.
15:43 of 1st period - Stopped by Semyon Varlamov without a rebound.
15:44 of 1st period - Mark Scheifele wins face-off versus Matt Beleskey in Ducks zone.
16:02 of 1st period - Minor Penalty to Alex Pietrangelo for Roughing.
16:03 of 1st period - Adam Henrique wins face-off versus Claude Giroux in Canucks zone.
16:23 of 1st period - Shot by Claude Giroux.
16:23 of 1st period - Shot Blocked by Jonas Brodin.
16:25 of 1st period - Shot by Andrei Markov.
16:25 of 1st period - Shot Misses the Net.
16:27 of 1st period - Shot by Andrei Markov.
16:27 of 1st period - Stopped by Henrik Lundqvist with a rebound.
16:29 of 1st period - Shot by Andrei Markov.
16:29 of 1st period - Shot Misses the Net.
16:45 of 1st period - Shot by Claude Giroux.
16:45 of 1st period - Shot Hit the Post.
17:29 of 1st period - Shot by Boone Jenner.
17:29 of 1st period - The goal is going for a video replay.
17:29 of 1st period - The goal is good.
17:29 of 1st period - Goal by Boone Jenner - Ducks : 2 - Canucks : 0.
17:30 of 1st period - Logan Couture wins face-off versus Mike Richards in neutral zone.
17:32 of 1st period - Matt Beleskey is hit by Travis Hamonic and loses puck.
18:18 of 1st period - Shot by Jimmy Hayes.
18:18 of 1st period - Deflect By Elias Lindholm.
18:18 of 1st period - Stopped by Semyon Varlamov without a rebound.
18:19 of 1st period - Jordan Staal wins face-off versus Evgeny Kuznetsov in Ducks zone.
18:19 of 1st period - Jordan Staal is hit by Evander Kane.
18:20 of 1st period - Minor Penalty to Evander Kane for Charging.
18:21 of 1st period - Claude Giroux wins face-off versus Adam Henrique in Canucks zone.
18:22 of 1st period - Shot by Wayne Simmonds.
18:22 of 1st period - Shot Misses the Net.
18:44 of 1st period - Shot by Wayne Simmonds.
18:44 of 1st period - Shot Misses the Net.
18:46 of 1st period - Shot by Erik Johnson.
18:46 of 1st period - Shot Blocked by Alex Pietrangelo.
18:48 of 1st period - Shot by Claude Giroux.
18:48 of 1st period - Stopped by Henrik Lundqvist without a rebound.
18:49 of 1st period - Evgeny Kuznetsov wins face-off versus Mark Scheifele in Canucks zone.
19:04 of 1st period - Shot by Bobby Ryan.
19:04 of 1st period - Stopped by Henrik Lundqvist without a rebound.
19:05 of 1st period - Claude Giroux wins face-off versus Adam Henrique in Canucks zone.
19:43 of 1st period - Off-side.
19:44 of 1st period - Evgeny Kuznetsov wins face-off versus Mark Scheifele in neutral zone.
Goals for this period are 2 for Ducks vs 0 for Canucks.
Shots for this period are 11 for Ducks vs 10 for Canucks.

2nd period


0:01 of 2nd period - Claude Giroux wins face-off versus Adam Henrique in neutral zone.
0:31 of 2nd period - Shot by Jordan Staal.
0:31 of 2nd period - Shot Misses the Net.
0:54 of 2nd period - Minor Penalty to Matt Beleskey for High sticking.
0:55 of 2nd period - Adam Henrique wins face-off versus Claude Giroux in Canucks zone.
1:50 of 2nd period - Shot by Mark Scheifele.
1:50 of 2nd period - Goal by Mark Scheifele - Ducks : 3 - Canucks : 0.
1:50 of 2nd period - Yann Danis enters game.
1:51 of 2nd period - Mark Scheifele wins face-off versus Logan Couture in neutral zone.
2:04 of 2nd period - Brandon Dubinsky is hit by Erik Karlsson.
3:06 of 2nd period - Shot by Boone Jenner.
3:06 of 2nd period - Stopped by Yann Danis without a rebound.
3:07 of 2nd period - Claude Giroux wins face-off versus Evgeny Kuznetsov in Canucks zone.
3:37 of 2nd period - Colton Parayko is hit by Jonas Brodin and loses puck.
3:46 of 2nd period - Shot by Evgeny Kuznetsov.
3:46 of 2nd period - Shot Misses the Net.
4:01 of 2nd period - Claude Giroux is hit by Ryan Strome and loses puck.
4:09 of 2nd period - Off-side.
4:10 of 2nd period - Logan Couture wins face-off versus Jordan Staal in neutral zone.
4:33 of 2nd period - Icing by Boone Jenner.
4:34 of 2nd period - Jordan Staal wins face-off versus Robby Fabbri in Ducks zone.
4:34 of 2nd period - Jordan Staal is hit by Robby Fabbri.
4:45 of 2nd period - Off-side.
4:46 of 2nd period - Evgeny Kuznetsov wins face-off versus Mark Scheifele in neutral zone.
5:12 of 2nd period - Shot by Jonas Brodin.
5:12 of 2nd period - Stopped by Semyon Varlamov without a rebound.
5:13 of 2nd period - Jordan Staal wins face-off versus Logan Couture in Ducks zone.
5:29 of 2nd period - Matt Beleskey is hit by Eric Nystrom and loses puck.
5:33 of 2nd period - Brent Burns is hit by Aaron Ekblad.
5:35 of 2nd period - Shot by Logan Couture.
5:35 of 2nd period - Stopped by Semyon Varlamov with a rebound.
5:40 of 2nd period - Logan Couture is hit by Travis Hamonic and loses puck.
5:46 of 2nd period - Logan Couture is hit by Aaron Ekblad and loses puck.
5:58 of 2nd period - Mikkel Boedker is hit by Travis Hamonic and loses puck.
6:16 of 2nd period - Jonas Brodin is hit by Boone Jenner and loses puck.
6:26 of 2nd period - Shot by Evander Kane.
6:26 of 2nd period - Stopped by Semyon Varlamov with a rebound.
6:31 of 2nd period - Reilly Smith is hit by Travis Hamonic and loses puck.
6:45 of 2nd period - Icing by Travis Hamonic.
6:46 of 2nd period - Jordan Staal wins face-off versus Robby Fabbri in Ducks zone.
6:46 of 2nd period - Jordan Staal is hit by Ryan Strome.
7:00 of 2nd period - Erik Johnson is hit by Ryan Strome.
7:28 of 2nd period - Shot by Ryan Strome.
7:28 of 2nd period - Stopped by Semyon Varlamov without a rebound.
7:29 of 2nd period - Logan Couture wins face-off versus Wayne Simmonds in Ducks zone.
8:58 of 2nd period - Minor Penalty to Bobby Ryan for Interference.
8:59 of 2nd period - Adam Henrique wins face-off versus Jordan Staal in Ducks zone.
9:00 of 2nd period - Shot by Alex Pietrangelo.
9:00 of 2nd period - Shot Misses the Net.
9:20 of 2nd period - Shot by Reilly Smith.
9:20 of 2nd period - Stopped by Semyon Varlamov without a rebound.
9:21 of 2nd period - Evgeny Kuznetsov wins face-off versus Jordan Staal in Ducks zone.
9:39 of 2nd period - Shot by Brent Burns.
9:39 of 2nd period - Stopped by Semyon Varlamov without a rebound.
9:40 of 2nd period - Logan Couture wins face-off versus Mark Scheifele in Ducks zone.
9:45 of 2nd period - Shot by Reilly Smith.
9:45 of 2nd period - Shot Misses the Net.
9:47 of 2nd period - Shot by Simon Despres.
9:47 of 2nd period - Shot Blocked by Erik Johnson.
10:07 of 2nd period - Shot by Alex Pietrangelo.
10:07 of 2nd period - Stopped by Semyon Varlamov without a rebound.
10:08 of 2nd period - Jordan Staal wins face-off versus Evgeny Kuznetsov in Ducks zone.
10:34 of 2nd period - Shot by Brent Burns.
10:34 of 2nd period - Stopped by Semyon Varlamov without a rebound.
10:35 of 2nd period - Mark Scheifele wins face-off versus Reilly Smith in Ducks zone.
10:35 of 2nd period - Mark Scheifele is hit by Simon Despres.
12:07 of 2nd period - Icing by Brent Burns.
12:08 of 2nd period - Elias Lindholm wins face-off versus Jordan Staal in Canucks zone.
12:22 of 2nd period - Minor Penalty to Evander Kane for Hooking.
12:23 of 2nd period - Adam Henrique wins face-off versus Mark Scheifele in Canucks zone.
12:23 of 2nd period - Adam Henrique is hit by Bobby Ryan.
12:29 of 2nd period - Boone Jenner is hit by Reilly Smith and loses puck.
13:47 of 2nd period - Shot by Claude Giroux.
13:47 of 2nd period - Shot Hit the Post.
13:49 of 2nd period - Shot by Colton Parayko.
13:49 of 2nd period - Shot Misses the Net.
13:51 of 2nd period - Shot by Wayne Simmonds.
13:51 of 2nd period - Stopped by Yann Danis with a rebound.
13:53 of 2nd period - Shot by Aaron Ekblad.
13:53 of 2nd period - Shot Misses the Net.
13:55 of 2nd period - Shot by Phil Kessel.
13:55 of 2nd period - Shot Misses the Net.
13:57 of 2nd period - Shot by Aaron Ekblad.
13:57 of 2nd period - Shot Misses the Net.
13:59 of 2nd period - Shot by Wayne Simmonds.
13:59 of 2nd period - Stopped by Yann Danis without a rebound.
14:00 of 2nd period - Mark Scheifele wins face-off versus Elias Lindholm in Canucks zone.
14:43 of 2nd period - Shot by Aaron Ekblad.
14:43 of 2nd period - Stopped by Yann Danis without a rebound.
14:44 of 2nd period - Claude Giroux wins face-off versus Evgeny Kuznetsov in Canucks zone.
14:44 of 2nd period - Colton Parayko is hit by Brent Burns and loses puck.
14:46 of 2nd period - Minor Penalty to Wayne Simmonds for Hooking.
14:47 of 2nd period - Mike Richards wins face-off versus Evgeny Kuznetsov in Ducks zone.
14:47 of 2nd period - Mike Richards is hit by Evander Kane.
14:53 of 2nd period - Shot by Evgeny Kuznetsov.
14:53 of 2nd period - Shot Misses the Net.
15:07 of 2nd period - Shot by Evgeny Kuznetsov.
15:07 of 2nd period - Stopped by Semyon Varlamov without a rebound.
15:08 of 2nd period - Jordan Staal wins face-off versus Logan Couture in Ducks zone.
15:08 of 2nd period - Jordan Staal is hit by Adam Henrique.
16:19 of 2nd period - Shot by Mikkel Boedker.
16:19 of 2nd period - Stopped by Semyon Varlamov with a rebound.
16:36 of 2nd period - Shot by Jordan Staal.
16:36 of 2nd period - Shot Misses the Net.
16:38 of 2nd period - Shot by Jordan Staal.
16:38 of 2nd period - Deflect By Mike Richards.
16:38 of 2nd period - Shot Blocked by Simon Despres.
16:40 of 2nd period - Shot by Erik Johnson.
16:40 of 2nd period - Shot Blocked by Simon Despres.
16:42 of 2nd period - Shot by Jordan Staal.
16:42 of 2nd period - Shot Misses the Net.
16:48 of 2nd period - Shot by Jordan Staal.
16:48 of 2nd period - Goal by Jordan Staal - Ducks : 4 - Canucks : 0.
16:49 of 2nd period - Claude Giroux wins face-off versus Elias Lindholm in neutral zone.
17:03 of 2nd period - Icing by Aaron Ekblad.
17:04 of 2nd period - Claude Giroux wins face-off versus Robby Fabbri in Ducks zone.
17:54 of 2nd period - Mark Scheifele is hit by Adam Henrique.
18:45 of 2nd period - Shot by Evgeny Kuznetsov.
18:45 of 2nd period - Deflect By Reilly Smith.
18:45 of 2nd period - Shot Misses the Net.
18:47 of 2nd period - Shot by Reilly Smith.
18:47 of 2nd period - Deflect By Evander Kane.
18:47 of 2nd period - Shot Misses the Net.
19:09 of 2nd period - Icing by Andrei Markov.
19:10 of 2nd period - Logan Couture wins face-off versus Mark Scheifele in Ducks zone.
19:25 of 2nd period - Shot by Logan Couture.
19:25 of 2nd period - Shot Misses the Net.
19:45 of 2nd period - Travis Hamonic is hit by Matt Beleskey and loses puck.
Goals for this period are 2 for Ducks vs 0 for Canucks.
Shots for this period are 6 for Ducks vs 10 for Canucks.

3rd period


0:01 of 3rd period - Evgeny Kuznetsov wins face-off versus Jordan Staal in neutral zone.
0:30 of 3rd period - Icing by Erik Johnson.
0:31 of 3rd period - Jordan Staal wins face-off versus Robby Fabbri in Ducks zone.
0:52 of 3rd period - Jordan Staal is hit by Simon Despres.
1:28 of 3rd period - Shot by Phil Kessel.
1:28 of 3rd period - Shot Misses the Net.
1:39 of 3rd period - Evgeny Kuznetsov is hit by Travis Hamonic and loses puck.
1:44 of 3rd period - Shot by Evander Kane.
1:44 of 3rd period - Stopped by Semyon Varlamov with a rebound.
1:46 of 3rd period - Shot by Jonas Brodin.
1:46 of 3rd period - Shot Misses the Net.
1:48 of 3rd period - Shot by Evgeny Kuznetsov.
1:48 of 3rd period - Shot Misses the Net.
2:00 of 3rd period - Shot by Evgeny Kuznetsov.
2:00 of 3rd period - Shot Blocked by Travis Hamonic.
2:46 of 3rd period - Mikkel Boedker is hit by Roman Polak and loses puck.
3:51 of 3rd period - Shot by Jordan Staal.
3:51 of 3rd period - Stopped by Yann Danis without a rebound.
3:52 of 3rd period - Elias Lindholm wins face-off versus Kevin Porter in Canucks zone.
3:54 of 3rd period - Minor Penalty to Mike Richards for Hooking.
3:55 of 3rd period - Evgeny Kuznetsov wins face-off versus Jordan Staal in Ducks zone.
4:58 of 3rd period - Shot by Adam Henrique.
4:58 of 3rd period - Shot Misses the Net.
5:00 of 3rd period - Shot by Adam Henrique.
5:00 of 3rd period - Stopped by Semyon Varlamov with a rebound.
5:02 of 3rd period - Shot by Cody Ceci.
5:02 of 3rd period - Shot Misses the Net.
5:04 of 3rd period - Shot by Reilly Smith.
5:04 of 3rd period - Stopped by Semyon Varlamov without a rebound.
5:05 of 3rd period - Logan Couture wins face-off versus Jordan Staal in Ducks zone.
5:36 of 3rd period - Shot by Cody Ceci.
5:36 of 3rd period - Stopped by Semyon Varlamov without a rebound.
5:37 of 3rd period - Evgeny Kuznetsov wins face-off versus Claude Giroux in Ducks zone.
5:40 of 3rd period - Shot by Evgeny Kuznetsov.
5:40 of 3rd period - Deflect By Evander Kane.
5:40 of 3rd period - Stopped by Semyon Varlamov without a rebound.
5:41 of 3rd period - Jordan Staal wins face-off versus Evgeny Kuznetsov in Ducks zone.
8:11 of 3rd period - Matt Beleskey is hit by Roman Polak and loses puck.
8:23 of 3rd period - Icing by Colton Parayko.
8:24 of 3rd period - Jordan Staal wins face-off versus Ryan Strome in Ducks zone.
8:30 of 3rd period - Alex Pietrangelo is hit by Eric Nystrom.
9:08 of 3rd period - Shot by Adam Henrique.
9:08 of 3rd period - Stopped by Semyon Varlamov with a rebound.
10:00 of 3rd period - Off-side.
10:01 of 3rd period - Claude Giroux wins face-off versus Mikkel Boedker in neutral zone.
10:21 of 3rd period - Wayne Simmonds is hit by Brent Burns and loses puck.
11:17 of 3rd period - Icing by Aaron Ekblad.
11:18 of 3rd period - Evgeny Kuznetsov wins face-off versus Mark Scheifele in Ducks zone.
11:25 of 3rd period - Shot by Reilly Smith.
11:25 of 3rd period - Stopped by Semyon Varlamov without a rebound.
11:26 of 3rd period - Kevin Porter wins face-off versus Reilly Smith in Ducks zone.
11:30 of 3rd period - Off-side.
11:31 of 3rd period - Evgeny Kuznetsov wins face-off versus Kevin Porter in neutral zone.
11:56 of 3rd period - Shot by Evgeny Kuznetsov.
11:56 of 3rd period - Stopped by Semyon Varlamov without a rebound.
11:57 of 3rd period - Claude Giroux wins face-off versus Robby Fabbri in Ducks zone.
12:08 of 3rd period - Shot by Claude Giroux.
12:08 of 3rd period - Deflect By Wayne Simmonds.
12:08 of 3rd period - Shot Misses the Net.
12:10 of 3rd period - Shot by Erik Johnson.
12:10 of 3rd period - Goal by Erik Johnson - Ducks : 5 - Canucks : 0.
12:11 of 3rd period - Evgeny Kuznetsov wins face-off versus Mark Scheifele in neutral zone.
12:33 of 3rd period - Shot by Bobby Ryan.
12:33 of 3rd period - Stopped by Yann Danis with a rebound.
13:13 of 3rd period - Jonas Brodin is hit by Erik Johnson and loses puck.
14:05 of 3rd period - Shot by Boone Jenner.
14:05 of 3rd period - Shot Misses the Net.
14:07 of 3rd period - Shot by Eric Nystrom.
14:07 of 3rd period - Shot Misses the Net.
14:09 of 3rd period - Shot by Eric Nystrom.
14:09 of 3rd period - Shot Misses the Net.
14:11 of 3rd period - Shot by Roman Polak.
14:11 of 3rd period - Shot Misses the Net.
14:13 of 3rd period - Shot by Roman Polak.
14:13 of 3rd period - Shot Misses the Net.
14:21 of 3rd period - Shot by Jordan Staal.
14:21 of 3rd period - Stopped by Yann Danis with a rebound.
14:23 of 3rd period - Shot by Colton Parayko.
14:23 of 3rd period - Stopped by Yann Danis with a rebound.
14:33 of 3rd period - Shot by Boone Jenner.
14:33 of 3rd period - Stopped by Yann Danis without a rebound.
14:34 of 3rd period - Mark Scheifele wins face-off versus Robby Fabbri in Canucks zone.
14:41 of 3rd period - Shot by Mark Scheifele.
14:41 of 3rd period - Shot Blocked by Brent Burns.
14:43 of 3rd period - Shot by Aaron Ekblad.
14:43 of 3rd period - Shot Misses the Net.
14:45 of 3rd period - Shot by Travis Hamonic.
14:45 of 3rd period - Stopped by Yann Danis without a rebound.
14:46 of 3rd period - Kevin Porter wins face-off versus Elias Lindholm in Canucks zone.
15:16 of 3rd period - Shot by Chris Kreider.
15:16 of 3rd period - Shot Blocked by Travis Hamonic.
15:18 of 3rd period - Shot by Chris Kreider.
15:18 of 3rd period - Shot Blocked by Travis Hamonic.
15:20 of 3rd period - Shot by Erik Karlsson.
15:20 of 3rd period - Shot Misses the Net.
15:22 of 3rd period - Shot by Brent Burns.
15:22 of 3rd period - Stopped by Semyon Varlamov without a rebound.
15:23 of 3rd period - Evgeny Kuznetsov wins face-off versus Claude Giroux in Ducks zone.
15:26 of 3rd period - Shot by Evgeny Kuznetsov.
15:26 of 3rd period - Shot Misses the Net.
15:55 of 3rd period - Icing by Alex Pietrangelo.
15:56 of 3rd period - Evgeny Kuznetsov wins face-off versus Jordan Staal in Canucks zone.
15:56 of 3rd period - Evgeny Kuznetsov is hit by Eric Nystrom.
16:35 of 3rd period - Shot by Jordan Staal.
16:35 of 3rd period - Shot Blocked by Brent Burns.
16:37 of 3rd period - Shot by Boone Jenner.
16:37 of 3rd period - Shot Blocked by Erik Karlsson.
16:39 of 3rd period - Shot by Roman Polak.
16:39 of 3rd period - Shot Misses the Net.
16:53 of 3rd period - Andrei Markov is hit by Adam Henrique and loses puck.
17:16 of 3rd period - Shot by Mark Scheifele.
17:16 of 3rd period - Shot Blocked by Adam Henrique.
17:18 of 3rd period - Shot by Mark Scheifele.
17:18 of 3rd period - Shot Misses the Net.
17:35 of 3rd period - Icing by Erik Karlsson.
17:36 of 3rd period - Claude Giroux wins face-off versus Robby Fabbri in Canucks zone.
17:37 of 3rd period - Shot by Wayne Simmonds.
17:37 of 3rd period - Stopped by Yann Danis with a rebound.
17:39 of 3rd period - Shot by Travis Hamonic.
17:39 of 3rd period - Shot Blocked by Adam Henrique.
17:49 of 3rd period - Shot by Phil Kessel.
17:49 of 3rd period - Shot Misses the Net.
17:51 of 3rd period - Shot by Wayne Simmonds.
17:51 of 3rd period - Goal by Wayne Simmonds - Ducks : 6 - Canucks : 0.
17:52 of 3rd period - Kevin Porter wins face-off versus Evgeny Kuznetsov in neutral zone.
18:15 of 3rd period - Shot by Mikhail Grigorenko.
18:15 of 3rd period - Shot Misses the Net.
18:32 of 3rd period - Icing by Reilly Smith.
18:33 of 3rd period - Evgeny Kuznetsov wins face-off versus Claude Giroux in Canucks zone.
18:33 of 3rd period - Evgeny Kuznetsov is hit by Wayne Simmonds.
18:56 of 3rd period - Off-side.
18:57 of 3rd period - Logan Couture wins face-off versus Jordan Staal in neutral zone.
19:04 of 3rd period - Travis Hamonic is hit by Matt Beleskey and loses puck.
19:15 of 3rd period - Shot by Boone Jenner.
19:15 of 3rd period - Stopped by Yann Danis with a rebound.
19:17 of 3rd period - Shot by Boone Jenner.
19:17 of 3rd period - Stopped by Yann Danis without a rebound.
19:18 of 3rd period - Elias Lindholm wins face-off versus Mark Scheifele in Canucks zone.
19:37 of 3rd period - Shot by Bobby Ryan.
19:37 of 3rd period - Stopped by Yann Danis without a rebound.
19:38 of 3rd period - Claude Giroux wins face-off versus Logan Couture in Canucks zone.
19:50 of 3rd period - Logan Couture is hit by Travis Hamonic and loses puck.
Goals for this period are 2 for Ducks vs 0 for Canucks.
Shots for this period are 12 for Ducks vs 9 for Canucks.